 Dungeon Crawl Stone Soup version 0.30-a0-339-g89bb51ec76 (webtiles) character file.

Game seed: 2318804269939010614

98 Muataran the Chopper (level 4, -7/40 HPs)
             Began as a Hill Orc Fighter on Nov 1, 2022.
             Mangled by an ogre
             ... wielding a +0 giant club
              (25 damage)
             ... on level 3 of the Dungeon.
             The game lasted 00:02:30 (1928 turns).

Muataran the Chopper (Hill Orc Fighter)             Turns: 1928, Time: 00:02:30

Health: -7/40      AC:  7    Str: 20    XL:     4   Next: 69%
Magic:  4/4        EV:  9    Int:  8    God:
Gold:   183        SH:  4    Dex: 10    Spells: 3/3 levels left

rFire   . . .      SeeInvis .    a - +0 war axe
rCold   . . .      Faith    .    c - +0 buckler
rNeg    . . .      Spirit   .    b - +0 scale mail
rPois   .          Reflect  .    (no helmet)
rElec   .          Harm     .    (no cloak)
rCorr   .          Rampage  .    (no gloves)
Will    .....                    (no boots)
Stlth   ..........               (no amulet)
HPRegen 0.26/turn                (no ring)
MPRegen 0.09/turn                (no ring)

@: mighty
A: no striking features
a: no special abilities


You were on level 3 of the Dungeon.
You visited 1 branch of the dungeon, and saw 3 of its levels.

You collected 183 gold pieces.

Inventory:

Hand Weapons
 a - a +0 war axe (weapon)
Armour
 b - a +0 scale mail (worn)
 c - a +0 buckler (worn)
Jewellery
 f - an amulet of guardian spirit
Wands
 p - a wand of roots (11)
Scrolls
 g - 4 scrolls of identify {unknown}
 h - a scroll of vulnerability {unknown}
 k - 2 scrolls of amnesia {unknown}
 m - a scroll of noise {unknown}
 o - a scroll of teleportation {unknown}
 r - a scroll of magic mapping {unknown}
 s - a scroll of summoning {unknown}
 u - a scroll of brand weapon {unknown}
Potions
 d - 2 potions of might
 e - a potion of curing {unknown}
 i - 2 potions of attraction {unknown}
 j - a potion of cancellation {unknown}
 l - a potion of brilliance {unknown}
 n - a potion of haste {unknown}
 q - a potion of magic {unknown}
 t - a potion of flight {unknown}


   Skills:
 + Level 4.3 Fighting
 * Level 4.4 Axes
 + Level 3.9 Armour
 + Level 3.9 Shields


You had 3 spell levels left.
You didn't know any spells.
Your spell library contained the following spells:

 Spells                   Type           Power      Damage    Failure   Level
 Beastly Appendage        Tmut           0%         N/A       85%         1
 Wereblood                Tmut           0%         N/A       94%         2
 Spider Form              Tmut/Pois      0%         N/A       99%         3


Dungeon Overview and Level Annotations

Branches:
Dungeon (3/15)

Altars:


Message History

The adder bites you but does no damage. The adder bites you.
You are poisoned.
The adder poisons you!
You slash the adder!
You kill the adder!
You feel sick.
No target in view!
No target in view!
You feel sick.
You feel sick.
You feel sick.
You feel sick.
You feel sick.
You are no longer poisoned.
Found 8 stones.
t - a smoky white potion A kobold comes into view.
It is wielding a +0 short sword.
The kobold shouts!
A kobold is nearby!
You closely miss the kobold. The kobold barely misses you.
You slash the kobold!
You kill the kobold!
No target in view!
Things that are here:
a +0 short sword; a kobold corpse
u - a scroll labelled MONAMPYOCS An ogre comes into view.
It is wielding a +0 giant club.
The ogre shouts!
An ogre is nearby!
The ogre hits you with a +0 giant club!!
Ouch! That really hurt!
You are too injured to fight recklessly!
An ogre is nearby!
You are too injured to fight recklessly!
You feel very mighty all of a sudden.
You slash the ogre!
The ogre is heavily wounded.
The ogre hits you with a +0 giant club!!
Ouch! That really hurt!
You die...

##.######.###.##.#........#.#
...# #.#...............#.#####
#### #.#.#.##.#.#......#.##...
######.#.#..#.#.#......#.#..#.
##......#.##.#.#.#.#..###...##.
###..####......#.#.#....).#######
.....#####.#####.#...####.#####..
.....#....(# #.###.# #.##....#
.....#.##### #@# #.# #....####
.....#.#.>.#...O...#. ######
######.##..#.......#
.......#...#.......#
########...#.......# .#
#...#.######. .# #####...#. .#
.###...#...# ## ...'.......#


You could see an ogre.

Vanquished Creatures
  6 adders
  An ufetubus (D:3)
  An orc (D:2)
  6 endoplasms
  A giant cockroach (D:1)
  4 goblins
  2 hobgoblins
  2 jackals (D:1)
  3 ball pythons
  5 bats
  3 frilled lizards
  2 kobolds
  4 rats
40 creatures vanquished.

Vanquished Creatures (others)
  A plant (D:1)
1 creature vanquished.

Grand Total: 41 creatures vanquished

Notes
Turn   | Place    | Note
-------+----------+-------------------------------------------
     0 | D:1      | Muataran the Hill Orc Fighter began the quest for the Orb.
     0 | D:1      | Reached XP level 1. HP: 19/19 MP: 1/1
   150 | D:1      | Reached XP level 2. HP: 27/27 MP: 2/2
   510 | D:2      | Reached XP level 3. HP: 33/33 MP: 3/3
   701 | D:2      | Found a faded altar of an unknown god.
   912 | D:2      | Reached XP level 4. HP: 40/40 MP: 4/4
  1925 | D:3      | Noticed an ogre
  1928 | D:3      | Mangled by an ogre

Illustrated notes

Levels and vault maps discovered:
D:1:      minmay_arrival_cross, layout_rooms, hangedman_decor_points,
          serial_bayou_pond_c, minmay_tripent
D:2:      layout_rooms, shapermc_ecumenical_altar_mp_highgroup, minivault_11,
          minmay_misc_feat_enclosed
D:3:      layout_basic, serial_co_window_serial, co_window_paths_a,
          co_window_paths_a, co_window_corner_a, co_window_corner_a,
          co_window_paths_a, co_window_of_opportunity_a,
          co_window_of_opportunity_b, co_window_corner_cb, co_window_corner_ca,
          co_window_4corner_b, co_window_4corner_a, glass_columns_a,
          glass_columns_a

Skill      XL: |  1  2  3 |
---------------+----------+-----
Axes           | 3 4 |  4.4
Fighting       | 4 |  4.3
Armour         | |  3.9
Shields        | |  3.9

Action                   |  1- 3 |  4- 6 || total
-------------------------+-------+-------++-------
Melee: War axe           |    92 |    42 ||   134
  Use: Potion            |       |     1 ||     1
Armor: Scale mail        |    44 |    29 ||    73
Dodge: Dodged            |    47 |    25 ||    72
Block: Buckler           |    20 |    12 ||    32

Table legend: (Time is in decaauts)
 A = Elapsed time spent in this place.
 B = Non-inter-level travel time spent in this place.
 C = Inter-level travel time spent in this place.
 D = Time resting spent in this place.
 E = Time spent auto-exploring this place.
 F = Levels seen in this place.
 G = Mean time per level.
                   A        B        C        D        E       F      G
               +--------+--------+--------+--------+--------+-----+--------+
         Total |   1980 |   1942 |     38 |    108 |   1501 |   3 |  660.0 |
       Dungeon |   1980 |   1942 |     38 |    108 |   1501 |   3 |  660.0 |
               +--------+--------+--------+--------+--------+-----+--------+

Top non-repeatable levels by time:
     D:3: 822 daAuts
     D:2: 647 daAuts
     D:1: 510 daAuts
